 Dungeon Crawl Stone Soup version 0.30-a0-142-g7370640ec8 (webtiles) character file.

Game seed: 3036684094743597325

88 RepoMan the Poker (level 4, -11/37 HPs)
             Began as a Mummy Monk on Sept 26, 2022.
             Killed from afar by an orc wizard (13 damage)
             ... with a puff of flame
             ... on level 4 of the Dungeon.
             The game lasted 00:17:50 (3596 turns).

RepoMan the Poker (Mummy Monk)                      Turns: 3596, Time: 00:17:51

Health: -11/37     AC:  3    Str: 16    XL:     4   Next: 29%
Magic:  4/4        EV: 12    Int:  9    God:
Gold:   174        SH:  5    Dex: 14    Spells: 3/3 levels left

rFire   x . .      SeeInvis .    a - +0 spear
rCold   + . .      Faith    +    (no shield)
rNeg    + + +      Spirit   .    n - +0 leather armour
rPois   ∞          Reflect  +    (no helmet)
rElec   .          Harm     .    (no cloak)
rCorr   .          Rampage  .    (no gloves)
Will    .....                    (no boots)
Stlth   ++........               j - amulet of reflection
HPRegen 0.12/turn                (no ring)
MPRegen 0.09/turn                (no ring)

@: about to teleport
A: cold resistance 1, negative energy resistance 3, torment resistance 2, heat
vulnerability 1, in touch with death 1, no potions, faith
a: no special abilities


You were on level 4 of the Dungeon.
You visited 1 branch of the dungeon, and saw 4 of its levels.

You collected 174 gold pieces.

Inventory:

Hand Weapons
 a - a +0 spear (weapon)
 c - a +0 sling
Missiles
 d - 39 stones (quivered)
 k - 2 poisoned darts
Armour
 n - a +0 leather armour (worn)
Jewellery
 j - an amulet of reflection (around neck)
Wands
 l - a wand of charming (8)
Scrolls
 b - a scroll of noise {unknown}
 e - a scroll of vulnerability
 f - a scroll of teleportation
 g - 2 scrolls of butterflies {unknown}
 h - 2 scrolls of enchant weapon {unknown}
 i - a scroll of poison {unknown}
 m - a scroll of magic mapping {unknown}
 o - a scroll of enchant armour {unknown}


   Skills:
 + Level 3.7 Fighting
 * Level 3.8 Polearms
 - Level 2.4 Dodging
 - Level 1.5 Stealth


You had 3 spell levels left.
You didn't know any spells.
Your spell library contained the following spells:

 Spells                   Type           Power      Damage    Failure   Level
 Summon Small Mammal      Summ           0%         N/A       45%         1
 Call Canine Familiar     Summ           0%         N/A       83%         3
 Summon Guardian Golem    Hex/Summ       0%         N/A       83%         3
 Summon Hydra             Summ           0%         N/A       100%        7
 Sublimation of Blood     Necr           Unusable   N/A       N/A         2
 Wereblood                Tmut           Unusable   N/A       N/A         2

Dungeon Overview and Level Annotations

Branches:
Dungeon (4/15)
 Temple: D:4-7

Altars:
Nemelex Xobeh
Ru
Vehumet

Annotations:
D:4 1 runed translucent door, 1 exclusion, Edmund; Tyrantos's ghost, amateur DrFi


Innate Abilities, Weirdness & Mutations

You are immune to poison.
Your flesh is cold resistant. (rC+)
You are immune to negative energy. (rN+++)
You are immune to unholy pain and torment.
You are vulnerable to heat. (rF-)
You are in touch with the powers of death.
You do not drink.
You have a special connection with the divine. (Faith)


Message History

Deactivating autopickup; reactivate with Ctrl-A.
A puff of flame appears from out of thin air!
The puff of flame hits you! The fire burns you terribly!
You bump into the rock wall.
A hound comes into view.
A puff of flame appears from out of thin air!
The puff of flame hits you! The fire burns you terribly!
* * * LOW HITPOINT WARNING * * *
You bump into the rock wall.
The hound barks!
You bump into the rock wall.
You feel less confused.
Okay, then.
Unknown command.
You can't drink.
Okay, then.
Unknown command.
Okay, then.
Unknown command.
Unknown command.
As you read the scroll labelled ETUGORULA PARE, it crumbles to dust.
You feel strangely unstable.
It was a scroll of teleportation.
You hear some strange, mumbled words.
Something tries to affect you, but you resist.
Okay, then.
Unknown command.
Unknown command.
Aiming: Charm
Press: ? - help, Shift-Dir - straight line Nothing appears to happen.
You closely miss something.
You hear some strange, mumbled words.
A magic dart appears from out of thin air!
The magic dart hits you!
* * * LOW HITPOINT WARNING * * *
Unknown command.
You hear some strange, mumbled words.
A puff of flame appears from out of thin air!
The puff of flame hits you! The fire burns you terribly!
You die...

.# #.# .##### #.#
...<.# #.# .###.# #.
#.# ...#.###.).. #.#
..........# #.#
...†.####.# #.# .#
###....# #.# #.##
##.#.# # #@# .....
##..##.#### #.# ..o..
#.......?..#{#......
##.....####.#o#.....>
##.....## #...h..h...
###.....@#
###.#o.....
...#........
#........
#.##.....###
######.## #.##.....#
#


You could see a hound and an orc.

Vanquished Creatures
  An adder (D:2)
  A dart slug (D:3)
  An orc (D:3)
  6 ball pythons
  4 bats
  7 endoplasms
  4 giant cockroaches
  10 goblins
  8 hobgoblins
  8 jackals
  3 quokkas
  2 frilled lizards (D:1)
  4 kobolds
  6 rats
65 creatures vanquished.

Vanquished Creatures (others)
  3 plants (D:3)
3 creatures vanquished.

Grand Total: 68 creatures vanquished

Notes
Turn   | Place    | Note
-------+----------+-------------------------------------------
     0 | D:1      | RepoMan the Mummy Monk began the quest for the Orb.
     0 | D:1      | Reached XP level 1. HP: 18/18 MP: 1/1
   537 | D:1      | Reached XP level 2. HP: 20/24 MP: 2/2
  1028 | D:1      | Gained mutation: You are in touch with the powers of death.
                  | [Mummy growth]
  1028 | D:1      | Reached XP level 3. HP: 17/29 MP: 3/3
  1773 | D:2      | Found a sparkling altar of Nemelex Xobeh.
  2210 | D:2      | Found a faded altar of an unknown god.
  2806 | D:3      | Found a radiant altar of Vehumet.
  2825 | D:3      | Found a sacrificial altar of Ru.
  2925 | D:3      | Reached XP level 4. HP: 37/37 MP: 4/4
  3352 | D:4      | Noticed Edmund
  3548 | D:4      | Noticed Tyrantos's ghost (amateur DrFi)
  3551 | D:4      | Found a runed translucent door.
  3594 | D:4      | HP: 1/37 [something/magic dart (8)]
  3596 | D:4      | Killed from afar by an orc wizard

Illustrated notes

Levels and vault maps discovered:
D:1:      dpeg_arrival_circle_labyrinth_c, layout_basic
D:2:      layout_rooms, shapermc_ecumenical_altar_gd, basic_altar,
          minmay_fountain_box
D:3:      layout_rooms, mainiacjoe_overflow_catch_the_wave
D:4:      layout_loops_ring, zin_scriptorium, trog_book,
          hellmonk_ghost_happy_afterlife, uniq_edmund

Skill      XL: |  1  2 |
---------------+-------+-----
Polearms       | 3 |  3.8
Fighting       | |  3.7
Dodging        | |  2.4
Stealth        | |  1.5

Action                   |  1- 3 |  4- 6 || total
-------------------------+-------+-------++-------
Melee: Spear             |   211 |    55 ||   266
 Fire: Sling             |     8 |       ||     8
Throw: Stone             |     8 |       ||     8
Evoke: Wand              |       |     2 ||     2
  Use: Scroll            |     2 |     1 ||     3
 Stab: Sleeping          |     8 |     2 ||    10
Armor: Robe              |    15 |     1 ||    16
       Leather armour    |       |     5 ||     5
Dodge: Dodged            |    76 |    22 ||    98
Block: Other             |     8 |     5 ||    13
       Reflection        |     1 |       ||     1

Table legend: (Time is in decaauts)
 A = Elapsed time spent in this place.
 B = Non-inter-level travel time spent in this place.
 C = Inter-level travel time spent in this place.
 D = Time resting spent in this place.
 E = Time spent auto-exploring this place.
 F = Levels seen in this place.
 G = Mean time per level.
                   A        B        C        D        E       F      G
               +--------+--------+--------+--------+--------+-----+--------+
         Total |   3585 |   3431 |    154 |    649 |   1269 |   4 |  896.2 |
       Dungeon |   3585 |   3431 |    154 |    649 |   1269 |   4 |  896.2 |
               +--------+--------+--------+--------+--------+-----+--------+

Top non-repeatable levels by time:
     D:1: 1907 daAuts
     D:2: 890 daAuts
     D:3: 540 daAuts
     D:4: 247 daAuts
